 Dungeon Crawl Stone Soup version 0.26.0-10-g1f06aea511 (webtiles) character file.

Game seed: 11848781947512757466

149 Arum the Shield-Bearer (level 5, -13/42 HPs)
             Began as a Formicid Fighter on Jan 17, 2021.
             Was a Believer of Zin.
             Killed from afar by Ijyb (24 damage)
             ... with a bolt of acid
             ... on level 4 of the Dungeon.
             The game lasted 00:02:49 (2413 turns).

Arum the Shield-Bearer (Formicid Fighter)           Turns: 2413, Time: 00:02:50

Health: -13/42     AC:  8    Str: 21    XL:     5   Next: 57%
Magic:  5/5        EV:  8    Int:  8    God:    Zin [**....]
Gold:   141        SH:  9    Dex: 10    Spells: 4/4 levels left

rFire    . . .     SeeInvis +   a - +0 quarterstaff
rCold    . . .     Faith    .   c - +0 kite shield
rNeg     . . .     Spirit   .   b - +0 scale mail
rPois    .         Reflect  .   (helmet unavailable)
rElec    .         Harm     .   (no cloak)
rCorr    .         Rampage  .   t - +0 pair of gloves
Will     .....                  (no boots)
Stlth    ..........             (no amulet)
HPRegen  0.14/turn              (no ring)
MPRegen  0.09/turn              (no ring)

@: no status effects
A: permanent stasis, dig shafts and tunnels, four strong arms, antennae 3
a: Dig, Shaft Self, Renounce Religion, Recite, Vitalisation, Donate Gold


You were on level 4 of the Dungeon.
You worshipped Zin.
Zin was pleased with you.
You visited 1 branch of the dungeon, and saw 4 of its levels.

You collected 156 gold pieces.
You donated 15 gold pieces to Zin.

Inventory:

Hand Weapons
 a - a +0 quarterstaff (weapon)
Missiles
 l - a throwing net
Armour
 b - a +0 scale mail (worn)
 c - a +0 kite shield (worn)
 t - a +0 pair of gloves (worn)
Jewellery
 e - a +4 ring of slaying {unknown}
Scrolls
 f - 4 scrolls of identify {unknown}
 g - 2 scrolls of teleportation {unknown}
 h - 2 scrolls of remove curse {unknown}
 i - 2 scrolls of immolation {unknown}
 k - 3 scrolls of magic mapping {unknown}
 n - a scroll of fog {unknown}
 p - a scroll of fear {unknown}
Potions
 d - a potion of might
 j - 2 potions of lignification {unknown}
 m - a potion of flight {unknown}
 o - a potion of mutation {unknown}
 q - a potion of cancellation {unknown}
 r - a potion of brilliance {unknown}
 s - a potion of curing {unknown}


   Skills:
 + Level 4.2 Fighting
 + Level 3.2 Staves
 + Level 4.2 Armour
 + Level 4.7 Shields


You had 4 spell levels left.
You didn't know any spells.
Your spell library was empty.

Dungeon Overview and Level Annotations

Branches:
Dungeon (4/15)
 Temple: D:4-7

Altars:
Zin

Annotations:
D:4 Ijyb, Menkaure


Innate Abilities, Weirdness & Mutations

You cannot be hasted, slowed, berserked, paralysed or teleported.
You can dig through walls and to a lower floor.
Your four strong arms can wield two-handed weapons with a shield.
You have a pair of large antennae on your head. (SInv)


Message History

Menkaure is moderately damaged.
You finish reciting Anathema 18:59.
You are no longer corroded.
You hear an angry hiss.
The worker ant barely misses you.
You closely miss the worker ant.
The worker ant is severely wounded.
The worker ant barely misses you.
The worker ant bites you but does no damage.
Unknown command.
You hit the worker ant.
You kill the worker ant!
Menkaure calls on the powers of darkness!
Ijyb convulses!
Your body is wracked with pain!
* * * LOW HITPOINT WARNING * * *
Unknown command.
You closely miss Ijyb.
Ijyb is heavily wounded.
Ijyb zaps a wand.
The bolt of acid hits you!!
Ouch! That really hurt!
You die...

..... ..... ...B.. { !..... {
#...... { .......
######################.....$.
................@gZ.M........
##.###################.......
...### ..Z?... ♣♣...# .......
♣♣♣♣.# ....... ♣.# .......
♣.# ....... ♣.# ......M ♣♣.#


You could see Ijyb, Menkaure and a bullfrog skeleton.

Vanquished Creatures
  A worker ant (D:4)
  A gnoll (D:1)
  4 adders
  An ooze (D:2)
  An adder skeleton (D:2)
  3 dart slugs
  4 leopard geckos
  5 orcs (D:3)
  5 bats
  3 giant cockroaches
  5 goblins
  6 hobgoblins
  7 jackals
  A quokka (D:3)
  2 ball pythons (D:1)
  2 frilled lizards
  A kobold (D:1)
  5 rats
57 creatures vanquished.

Notes
Turn   | Place    | Note
-------+----------+-------------------------------------------
     0 | D:1      | Arum the Formicid Fighter began the quest for the Orb.
     0 | D:1      | Reached XP level 1. HP: 18/18 MP: 1/1
   181 | D:1      | Reached XP level 2. HP: 24/24 MP: 2/2
   701 | D:1      | Reached XP level 3. HP: 30/30 MP: 3/3
   976 | D:2      | Found a faded altar of an unknown god.
   986 | D:2      | Became a worshipper of Zin the Law-Giver
   986 | D:2      | Reached * piety under Zin
  1140 | D:2      | Reached XP level 4. HP: 22/37 MP: 4/4
  1305 | D:2      | Reached ** piety under Zin
  2177 | D:3      | Reached XP level 5. HP: 35/42 MP: 5/5
  2393 | D:4      | Noticed Ijyb
  2394 | D:4      | Noticed Menkaure
  2413 | D:4      | Killed from afar by Ijyb

Illustrated notes

Levels and vault maps discovered:
D:1:      dpeg_arrival_pond, layout_loops_corners, hex_medium
D:2:      layout_basic, chequers_ecumenical_altar_simple_redux
D:3:      layout_rooms, kennysheep_nub
D:4:      layout_basic, nrook_campfire, uniq_crazy_yiuf_cottage, uniq_ijyb,
          uniq_menkaure

Skill      XL: |  1  2  3  4 |
---------------+-------------+-----
Shields        | 4 |  4.7
Armour         | 4 |  4.2
Fighting       | 4 |  4.2
Staves         | 3 |  3.2

Action                   |  1- 3 |  4- 6 || total
-------------------------+-------+-------++-------
Melee: Quarterstaff      |    79 |   130 ||   209
Invok: Recite            |       |     1 ||     1
Armor: Scale mail        |    25 |    51 ||    76
Dodge: Dodged            |    23 |    44 ||    67
Block: Kite shield       |    54 |    73 ||   127
